 Dungeon Crawl Stone Soup version 0.28.0 (webtiles) character file.

Game seed: 10182150527778739086

4902 browni3141 the Cleaver (level 10, -11/93 HPs)
             Began as a Minotaur Berserker on Feb 16, 2022.
             Was a Priest of Trog.
             Mangled by Harold (22 damage)
             ... on level 8 of the Dungeon.
             The game lasted 00:04:52 (8845 turns).

browni3141 the Cleaver (Minotaur Berserker)         Turns: 8845, Time: 00:04:52

Health: -11/93     AC: 14    Str: 32    XL:     10   Next: 27%
Magic:  9/9        EV:  4    Int:  4    God:    Trog [***...]
Gold:   446        SH:  0    Dex: 10    Spells: 9/9 levels left

rFire   . . .      SeeInvis .   B - +0 war axe
rCold   . . .      Faith    .   f - +0 buckler
rNeg    . . .      Spirit   .   v - +0 plate armour
rPois   .          Reflect  .   (helmet restricted)
rElec   .          Harm     .   (no cloak)
rCorr   .          Rampage  .   (no gloves)
Will    ++...                   (no boots)
Stlth   ..........              (no amulet)
HPRegen 1.25/turn               t - +6 ring of strength
MPRegen 0.11/turn               (no ring)

@: marked, strong-willed (expiring), on berserk cooldown, held, regenerating
(expiring), slowed, very slow
A: horns 2, retaliatory headbutt
a: Renounce Religion, Berserk, Trog's Hand


You were on level 8 of the Dungeon.
You worshipped Trog.
Trog was most pleased with you.
You visited 1 branch of the dungeon, and saw 8 of its levels.

You collected 446 gold pieces.

Inventory:

Hand Weapons
 a - a +0 hand axe
 B - a +0 war axe (weapon)
Armour
 b - a +0 animal skin
 f - a +0 buckler (worn)
 o - a +0 chain mail
 v - a +0 plate armour (worn)
Jewellery
 t - a +6 ring of strength (left hand)
 C - a ring of resist corrosion
Wands
 k - a wand of paralysis (9)
 r - a wand of flame (22)
 y - a wand of digging (9)
Scrolls
 c - 4 scrolls of teleportation {unknown}
 d - a scroll of torment {unknown}
 h - a scroll of immolation {unknown}
 i - 2 scrolls of noise {unknown}
 l - 3 scrolls of amnesia {unknown}
 n - a scroll of holy word {unknown}
 p - 5 scrolls of fog {unknown}
 q - 5 scrolls of identify {unknown}
 u - 2 scrolls of magic mapping {unknown}
 x - 2 scrolls of enchant armour {unknown}
Potions
 e - a potion of berserk rage {unknown}
 g - 5 potions of curing {unknown}
 j - a potion of ambrosia {unknown}
 m - 2 potions of might
 s - a potion of invisibility {unknown}
 w - a potion of flight {unknown}
 z - a potion of heal wounds {unknown}
 A - 3 potions of brilliance {unknown}


   Skills:
 + Level 9.8 Fighting
 + Level 9.8 Axes
 + Level 9.4 Armour
 - Level 2.1 Dodging
 + Level 9.0 Shields


You had 9 spell levels left.
You didn't know any spells.
Your spell library was empty.

Dungeon Overview and Level Annotations

Branches:
Dungeon (8/15)             Temple (0/1) D:5
   Lair: D:8-11

Altars:

Shops:
D:7 *

Annotations:
D:8 Harold


Innate Abilities, Weirdness & Mutations

You have a pair of horns on your head.
You reflexively headbutt those who attack you in melee.


Message History

Harold is lightly wounded.
Harold hits you with a +4 short sword of distortion.
Space warps horribly around you!
You slash the orc!
You kill the orc!
Trog accepts your kill.
You slash Harold! Harold hits you but does no damage.
Space warps horribly around you!
* * * LOW HITPOINT WARNING * * *
Harold barely misses you. You furiously retaliate!
You headbutt Harold.
Unknown command.
Okay, then.
Aiming: Paralyse
Press: ? - help, Shift-Dir - straight line, f - Harold
Aim: Harold, wielding a +4 short sword of distortion, wearing a +0 scale mail and quivering 2 throwing nets (moderately wounded, chance to affect: 17%)
Okay, then.
You fail to use your ability.
Harold hits you but does no damage.
You fail to use your ability.
Harold hits you with a +4 short sword of distortion!
* * * LOW HITPOINT WARNING * * *
You blink.
You fail to use your ability.
Harold throws a throwing net.
The throwing net hits you.
You become entangled in the net!
You fail to use your ability.
Harold points at you and mumbles some strange words.
You barely resist.
You fail to use your ability.
Harold casts a spell at you.
You barely resist.
You fail to use your ability.
You fail to use your ability.
Harold hits you but does no damage. Space warps around you.
* * * LOW HITPOINT WARNING * * *
Your black bear goes berserk!
You can no longer call in reinforcements.
You feel the effects of Trog's Hand fading.
Harold hits you with a +4 short sword of distortion!
* * * LOW HITPOINT WARNING * * *
Space warps horribly around you!!
You die...

#...........# #..
#...†.......# #..
#...........# #..
#.......###.# #..
........###..#### #.#
#.. ........# ##.##
#.# ###
.......####..#####.
......##.$........
#.....@@.........
#.......h........ #+
#...))..###.#....
#####.####.).....#
+####.
#$........)...)......
#.........†..........
#...........$........
#....[....####.......
#######.### ##......


You could see Harold (ally target) and a friendly black bear (summoned,
berserk).

Vanquished Creatures
  A boulder beetle (D:7)
  A hornet (D:6)
  Prince Ribbit (D:7)
  4 vampire mosquitoes (D:8)
  A steam dragon (D:6)
  2 water moccasins
  Duvessa (D:6)
  2 orc warriors
  2 sky beasts
  3 necrophages
  A black bear (D:6)
  5 ogres
  3 centaurs
  A phantom (D:4)
  A bullfrog (D:6)
  A gnoll sergeant (D:6)
  3 scorpions (D:5)
  A wyvern skeleton (D:6)
  2 water moccasin skeletons (D:4)
  Dowan (D:6)
  5 wights
  A centaur zombie (D:7)
  A bullfrog zombie (D:7)
  3 hounds
  5 orc priests (D:7)
  A bullfrog skeleton (D:6)
  5 iguanas
  Terence (D:2)
  2 orc wizards
  A hound skeleton (D:4)
  9 adders
  8 gnolls
  A shadow imp (D:7)
  A white imp (D:7)
  An ufetubus (D:6)
  4 dart slugs
  A worm (D:4)
  21 orcs
  10 bats
  8 endoplasms
  2 giant cockroaches (D:1)
  8 goblins
  4 hobgoblins
  9 jackals (D:1)
  2 quokkas
  10 ball pythons
  4 frilled lizards
  A jackal skeleton (D:4)
  16 kobolds
  4 rats
186 creatures vanquished.

Vanquished Creatures (others)
  19 plants (D:3)
19 creatures vanquished.

Grand Total: 205 creatures vanquished

Notes
Turn   | Place    | Note
-------+----------+-------------------------------------------
     0 | D:1      | browni3141 the Minotaur Berserker began the quest for the
                  | Orb.
     0 | D:1      | Reached XP level 1. HP: 19/19 MP: 0/0
   219 | D:1      | Reached XP level 2. HP: 20/27 MP: 1/1
   327 | D:1      | Reached skill level 1 in Shields
   777 | D:1      | Reached ** piety under Trog
   778 | D:1      | Reached XP level 3. HP: 33/33 MP: 2/2
  1021 | D:1      | Found a faded altar of an unknown god.
  1391 | D:2      | Noticed Terence
  1399 | D:2      | Killed Terence
  1400 | D:2      | Reached XP level 4. HP: 40/41 MP: 3/3
  2205 | D:2      | >
  2461 | D:3      | Reached XP level 5. HP: 22/47 MP: 4/4
  2561 | D:3      | Noticed a necrophage
  2570 | D:3      | Killed a necrophage
  2571 | D:3      | Reached skill level 5 in Fighting
  2571 | D:3      | Reached skill level 5 in Axes
  3235 | D:4      | Reached *** piety under Trog
  3240 | D:4      | Reached XP level 6. HP: 33/52 MP: 5/5
  3646 | D:4      | Reached skill level 5 in Armour
  3646 | D:4      | Reached XP level 7. HP: 61/61 MP: 6/6
  4060 | D:4      | You fall into a shaft and drop 2 floors!
  4158 | D:6      | Noticed a steam dragon
  4168 | D:6      | Killed a steam dragon
  4169 | D:6      | Reached skill level 5 in Shields
  4289 | D:5      | Entered Level 5 of the Dungeon
  4327 | D:5      | Reached XP level 8. HP: 62/71 MP: 7/7
  6021 | D:5      | Found a staircase to the Ecumenical Temple.
  6098 | D:6      | HP: 3/74 [poisoned by a gnoll sergeant]
  6453 | D:6      | Reached XP level 9. HP: 56/81 MP: 8/8
  6597 | D:6      | Noticed Dowan
  6599 | D:6      | Noticed Duvessa
  6605 | D:6      | Killed Dowan
  6615 | D:6      | Killed Duvessa
  7285 | D:7      | Reached **** piety under Trog
  7549 | D:7      | Found Zamp's General Store.
  7657 | D:7      | Noticed a boulder beetle
  7688 | D:7      | HP: 5/123 [boulder beetle (12)]
  7689 | D:7      | Killed a boulder beetle
  8336 | D:7      | Reached XP level 10. HP: 91/91 MP: 9/9
  8456 | D:7      | Noticed Prince Ribbit
  8464 | D:7      | Killed Prince Ribbit
  8818 | D:8      | Noticed Harold
  8845 | D:8      | Mangled by Harold

Illustrated notes

#........# #..####
#.###.#######..#...
#.# #.# #........
#.# #.#####.###..##
#.# #.......# #...#
#.# #######.###..##
#.# #.....##
#.###########.###
#.@...........#
###############


Turn 2205 on D:2: >

Levels and vault maps discovered:
D:1:      dpeg_arrival_solitude, layout_basic, ebering_ecumenical_altar_rust,
          minmay_misc_feat_hallway, st_stairs_11, minmay_indecisive_spiral
D:2:      layout_loops_ring, uniq_terence
D:3:      layout_loops_ring, st_stairs_10, lexackson_kobold_supper
D:4:      layout_basic
D:5:      lemuel_ice_spiral_2, layout_basic, temple_statues
D:6:      layout_rooms, kennysheep_cluttered_room, nicolae_fountain_basement,
          uniq_duvessa
D:7:      layout_gridville, serial_shops, shop, minmay_fractal_squares_5,
          uniq_prince_ribbit1
D:8:      layout_basic, lemuel_round_altar, serial_shops, shop, uniq_harold

Skill      XL: |  1  2  3  4  5  6  7  8  9 10 |
---------------+-------------------------------+-----
Shields        | 1 2 3 4 5 6 8 9 |  9.0
Fighting       | 4 5 6 7 9 |  9.8
Axes           | 4 5 6 8 9 |  9.8
Armour         | 3 4 5 6 7 9 |  9.4
Dodging        | |  2.1

Action                   |  1- 3 |  4- 6 |  7- 9 | 10-12 || total
-------------------------+-------+-------+-------+-------++-------
Melee: Hand axe          |    93 |    79 |   194 |       ||   366
       Headbutt          |    14 |    14 |    47 |     5 ||    80
       War axe           |       |       |    72 |    37 ||   109
Throw: Throwing net      |       |       |     1 |       ||     1
Invok: Berserk           |     1 |     3 |    11 |     1 ||    16
       Trog's Hand       |       |     1 |       |     1 ||     2
       Brothers in Arms  |       |       |       |     1 ||     1
 Stab: Sleeping          |       |     1 |       |       ||     1
Armor: Animal skin       |    24 |    11 |       |       ||    35
       Chain mail        |       |    11 |    42 |       ||    53
       Plate armour      |       |       |    86 |    35 ||   121
Dodge: Dodged            |    62 |    48 |   100 |    16 ||   226
Block: Buckler           |    18 |    15 |    52 |     7 ||    92
